 Dungeon Crawl Stone Soup version 0.21.1-1-g345015f (webtiles) character file.

25646 iamserjio the Nimble (level 13, 0/72 HPs)
             Began as an Octopode Monk on Apr 5, 2018.
             Was a High Priest of Dithmenos.
             Killed by divine providence
             ... invoked by an orc high priest
              (12 damage)
             ... on level 2 of the Orcish Mines.
             The game lasted 03:35:13 (23027 turns).

iamserjio the Nimble (Octopode Monk)               Turns: 23027, Time: 03:35:14

Health: 0/72       AC:  1    Str: 11    XL:     13   Next: 20%
Magic:  29/29      EV: 24    Int: 12    God:    Dithmenos [*****.]
Gold:   940        SH:  6    Dex: 19    Spells: 17/22 levels left

rFire    . . .     SeeInvis +   E - +3 trident
rCold    + . .     Gourm    .   G - +0 buckler
rNeg     . . .     Faith    .   (helmet restricted)
rPois    .         Spirit   .   (no amulet)
rElec    .         Reflect  .   f - ring of protection from cold
rCorr    .         Harm     .   v - ring of see invisible
MR       +....                  z - ring of protection from magic
Stlth    ++++++++..             C - ring of flight
HPRegen  0.22/turn              W - ring of magical power
MPRegen  0.21/turn              (no ring)
                                (no ring)
                                (no ring)

@: wreathed by umbra
A: almost no armour, stealthy swim, amphibious, 8 rings, constrict 8, camouflage
1, frail 2, gelatinous body 1
a: Shadow Step, Shadow Form, Renounce Religion, Evoke Flight


You were on level 2 of the Orcish Mines.
You worshipped Dithmenos.
Dithmenos was extremely pleased with you.
You were hungry.

You visited 4 branches of the dungeon, and saw 17 of its levels.

You collected 1903 gold pieces.
You spent 963 gold pieces at shops.

Inventory:

Hand Weapons
 d - a +4 scimitar
 y - a +6 great sword
 E - a +3 trident (weapon)
 K - a +2 short sword of protection
 R - a +0 dagger of holy wrath
 V - the +3 Elemental Staff {rElec rF++ rC++ MR++ AC+5}
   (You found it on level 7 of the Dungeon)

   It affects your AC (+5).
   It greatly protects you from fire.
   It greatly protects you from cold.
   It insulates you from electricity.
   It affects your resistance to hostile enchantments.
Missiles
 m - 230 arrows
 B - 100 sling bullets (quivered)
Armour
 G - a +0 buckler (worn)
Magical Staves
 X - an uncursed staff of summoning
Jewellery
 f - a ring of protection from cold (left tentacle)
 v - a ring of see invisible (right tentacle)
 z - a ring of protection from magic (on tentacle)
 C - a ring of flight (on tentacle)
 W - a ring of magical power (on tentacle)
Wands
 r - a wand of enslavement (17)
 t - a wand of disintegration (15)
 A - a wand of polymorph (3)
 S - a wand of paralysis (13)
 T - a wand of clouds (7)
Scrolls
 e - 6 scrolls of remove curse
 g - 4 scrolls of enchant weapon
 i - 5 scrolls of identify
 j - 9 scrolls of teleportation
 l - 2 scrolls of enchant armour {unknown}
 n - 7 scrolls of amnesia
 s - a scroll of brand weapon {unknown}
 u - a scroll of blinking
 w - 4 scrolls of fear {unknown}
 J - 2 scrolls of magic mapping
 L - a scroll of summoning {unknown}
 M - 2 scrolls of immolation {unknown}
 U - a scroll of fog
 Y - a scroll of silence {unknown}
 Z - a scroll of vulnerability
Potions
 a - a potion of resistance {unknown}
 c - 3 potions of mutation
 h - 5 potions of lignification
 k - 3 potions of haste
 o - 4 potions of brilliance
 p - a potion of might
 q - 2 potions of curing
 F - a potion of magic {unknown}
 H - 2 potions of berserk rage {unknown}
 O - 2 potions of agility {unknown}
Books
 D - a book of Necromancy

   Spells                             Type                      Level
   a - Pain                           Necromancy                   1
   b - Animate Skeleton               Necromancy                   1
   c - Vampiric Draining              Necromancy                   3
   d - Regeneration                   Charms/Necromancy            3
   e - Animate Dead                   Necromancy                   4
   f - Borgnjor's Vile Clutch         Necromancy/Earth             5
 N - a book of Minor Magic

   Spells                             Type                      Level
   a - Magic Dart                     Conjuration                  1
   b - Blink                          Translocation                2
   c - Call Imp                       Summoning                    2
   d - Slow                           Hexes                        2
   e - Conjure Flame                  Conjuration/Fire             3
   f - Mephitic Cloud                 Conjuration/Poison/Air       3
Comestibles
 b - 29 rations
 I - 3 chunks of flesh


   Skills:
 - Level 9.0 Fighting
 - Level 3.0(5.7) Polearms
 - Level 7.7(8.0) Staves
 + Level 12.9 Dodging
 - Level 7.0 Stealth
 - Level 5.0 Shields
 - Level 5.1 Spellcasting
 + Level 5.8 Summonings
 + Level 9.6 Invocations


You had 17 spell levels left.
You knew the following spells:

 Your Spells              Type           Power        Failure   Level  Hunger
a - Blink                 Tloc           N/A          30%         2    ##.....
b - Magic Dart            Conj           #...         21%         1    None
c - Call Imp              Summ           ###.....     2%          2    ##.....


Dungeon Overview and Level Annotations

Branches:
Dungeon (13/15)            Temple (0/1) D:6            Lair (1/6) D:10
    Orc (2/2) D:12            Elf (1/3) Orc:2
 Vaults: D:13-14

Altars:
Ashenzari
Dithmenos
Fedhas
Gozag
Hepliaklqana
Kikubaaqudgha
Nemelex Xobeh
Okawaru
Ru
Sif Muna
Wu Jian
Xom
Yredelemnul
The Shining One
Beogh

Shops:
D:5 (   D:11 :   D:12 %   Orc:2 (?:*

Annotations:
D:3 Lucio's ghost, amateur SpEn
D:9 Gastronok


Innate Abilities, Weirdness & Mutations

You cannot wear most types of armour.
You are very stealthy in the water. (Stealth+)
You are amphibious.
You can wear up to eight rings at the same time.
You can use your tentacles to constrict eight enemies at once.
Your skin changes colour to match your surroundings (Stealth+).
Your rubbery body absorbs attacks. (AC +1, EV +1)
You are very frail. (-20% HP)


Message History

The orc high priest mumbles some strange prayers to Beogh.
The soul eater hits you.
You hit the orc high priest. You grab the orc high priest.
You squeeze the orc high priest.
The orc high priest is lightly wounded.
Your shadow hits the orc high priest with a trident.
You constrict the orc high priest. You block the orc high priest's attack.
The soul eater barely misses you.
You release your grip on the orc high priest.
The orc high priest intones a terrible prayer.
The orc wizard casts a spell at you. The magic dart hits you!
The orc high priest prays to Beogh.
Items here: )) [[ a robe; a dagger; a robe; a dagger The soul eater draws from the surrounding life force!
* * * LOW HITPOINT WARNING * * *
The orc high priest calls down the wrath of Beogh upon you.
Beogh smites you!
You die...

#..................#.....
#.............#....##....
##................###...#
#.................#.....o
#...(....................
##......)...........#....
#......(.................
#.....).[................
#.....((@o..o[...##......
##.....([)43[[...........
#.......[...[............
##.........[.4...........
#.......................
##.......................
#........................
#........................
##....#..o...............


You could see a soul eater, an orc high priest, an ice devil, a rust devil and
an orc wizard.

Vanquished Creatures
  A rakshasa (D:11)
  Erolcha (D:10)
  Erica (D:10)
  A centaur warrior (D:13)
  4 two-headed ogres
  2 orc high priests (Orc:2)
  Sonja (D:10)
  4 unseen horrors
  A deep elf mage (D:11)
  2 orc sorcerers
  2 ugly things
  A komodo dragon (Lair:1)
  3 trolls
  A hornet (D:11)
  4 hippogriffs
  3 slime creatures
  2 shadows (D:13)
  A spriggan (D:8)
  4 wraiths
  A wyvern (D:11)
  A yak (D:11)
  3 hungry ghosts
  3 steam dragons
  6 vampire mosquitoes
  A warg (Orc:1)
  An insubstantial wisp (D:7)
  A water moccasin (D:11)
  3 porcupines (D:10)
  15 orc warriors
  9 sky beasts
  A hornet zombie (D:6)
  2 ice beasts
  A phantom (D:11)
  4 black bears
  A centaur (D:6)
  11 ogres
  3 big kobolds
  2 crocodiles
  11 bullfrogs
  A scorpion (D:5)
  4 wights
  4 howler monkeys
  2 bullfrog zombies
  6 crimson imps
  2 centaur zombies
  6 human zombies (D:13)
  2 quasits
  2 jellies
  4 bullfrog skeletons
  6 hounds
  Crazy Yiuf (D:3)
  35 orc priests
  22 orc wizards
  4 iguanas
  5 worker ants
  Natasha (D:2)
  A hound zombie (D:7)
  A mummy (D:13)
  A worker ant zombie (D:8)
  10 gnolls
  13 adders
  3 shadow imps
  2 oozes
  2 adder skeletons
  2 adder zombies (D:6)
  A worm (D:2)
  3 dart slugs
  5 leopard geckos
  72 orcs
  3 ball pythons
  4 bats
  4 giant cockroaches
  5 goblins
  6 hobgoblins
  5 jackals
  20 kobolds
  3 quokkas
  4 frilled lizards
  2 orc zombies (D:13)
  8 rats
  2 butterflies (D:9)
408 creatures vanquished.

Vanquished Creatures (collateral kills)
  An orc (D:9)
1 creature vanquished.

Vanquished Creatures (others)
  An orc warrior (Orc:2)
  A bullfrog (D:10)
  34 fungi (D:10)
  15 plants (D:10)
51 creatures vanquished.

Grand Total: 460 creatures vanquished

Notes
Turn   | Place    | Note
-------+----------+-------------------------------------------
     0 | D:1      | iamserjio the Octopode Monk began the quest for the Orb.
     0 | D:1      | Reached XP level 1. HP: 16/16 MP: 1/1
   217 | D:1      | Reached XP level 2. HP: 20/21 MP: 2/2
   714 | D:2      | Reached XP level 3. HP: 7/26 MP: 3/3
  1043 | D:2      | Found an opulent altar of Gozag.
  1114 | D:2      | Found an ornate altar of the Wu Jian Council.
  1155 | D:2      | Noticed Natasha
  1485 | D:2      | Found a glowing golden altar of the Shining One.
  1662 | D:2      | Reached XP level 4. HP: 33/33 MP: 4/4
  1761 | D:2      | Killed Natasha
  1875 | D:3      | Reached skill level 4 in Dodging
  1875 | D:3      | Reached XP level 5. HP: 34/37 MP: 5/5
  1966 | D:3      | Found a sparkling altar of Nemelex Xobeh.
  1982 | D:3      | Reached skill level 5 in Stealth
  2171 | D:3      | Found a blossoming altar of Fedhas.
  2460 | D:3      | Found a runed door.
  2473 | D:3      | Noticed Crazy Yiuf
  2480 | D:3      | Killed Crazy Yiuf
  2480 | D:3      | Reached XP level 6. HP: 20/44 MP: 6/6
  2784 | D:3      | Noticed Lucio's ghost (amateur SpEn)
  3786 | D:4      | Reached skill level 5 in Fighting
  3922 | D:4      | Found an iron altar of Okawaru.
  3953 | D:4      | Reached skill level 5 in Dodging
  3953 | D:4      | Reached XP level 7. HP: 50/50 MP: 7/7
  4348 | D:5      | Entered Level 5 of the Dungeon
  4367 | D:5      | Found Pomihis's Weapon Emporium.
  4413 | D:5      | Found a shadowy altar of Dithmenos.
  4422 | D:5      | Became a worshipper of Dithmenos the Shadowed
  4422 | D:5      | Reached * piety under Dithmenos
  4422 | D:5      | Reached ** piety under Dithmenos
  4671 | D:5      | Found a basalt altar of Yredelemnul.
  5281 | D:5      | Reached skill level 6 in Dodging
  5308 | D:5      | Reached XP level 8. HP: 40/58 MP: 8/8
  5433 | D:5      | Found a sacrificial altar of Ru.
  5491 | D:5      | Bought a +1 quarterstaff of speed for 247 gold pieces
  5943 | D:6      | Found a staircase to the Ecumenical Temple.
  6086 | D:6      | Reached skill level 1 in Invocations
  6177 | D:6      | Found a deep blue altar of Sif Muna.
  6208 | D:6      | Learned a level 2 spell: Blink
  6481 | D:6      | Reached skill level 1 in Spellcasting
  6641 | D:6      | Reached skill level 7 in Dodging
  6732 | D:7      | Found a shattered altar of Ashenzari.
  7221 | D:8      | Noticed a two-headed ogre
  7373 | D:7      | Reached XP level 9. HP: 60/64 MP: 10/12
  7469 | D:7      | Reached skill level 8 in Dodging
  7820 | D:7      | Found the +3 Elemental Staff {rElec rF++ rC++ MR++ AC+5}
  7856 | D:7      | Found an ancient bone altar of Kikubaaqudgha.
  7932 | D:7      | Learned a level 1 spell: Magic Dart
  8045 | D:7      | Reached skill level 1 in Staves
  8222 | D:7      | Reached skill level 9 in Dodging
  9153 | D:8      | Killed a two-headed ogre
  9153 | D:8      | Reached skill level 5 in Invocations
  9153 | D:8      | Reached XP level 10. HP: 53/71 MP: 13/13
  9170 | D:8      | Reached *** piety under Dithmenos
  9506 | D:8      | Learned a level 2 spell: Call Imp
  9551 | D:9      | Reached skill level 10 in Dodging
  9569 | D:9      | Reached skill level 5 in Staves
  9871 | D:9      | Noticed Gastronok
  9971 | D:9      | Found a hazy altar of Hepliaklqana.
 10436 | D:9      | Found a shimmering altar of Xom.
 10736 | D:10     | Entered Level 10 of the Dungeon
 10736 | D:10     | Noticed Sonja
 10738 | D:10     | Noticed an unseen horror
 10986 | D:10     | Noticed Erica
 11032 | D:10     | Killed Sonja
 11289 | D:10     | Noticed an unseen horror
 11303 | D:10     | Killed an unseen horror
 11303 | D:10     | Reached XP level 11. HP: 65/75 MP: 16/16
 11376 | D:10     | Killed Erica
 11376 | D:10     | Reached skill level 11 in Dodging
 11692 | D:10     | Found a staircase to the Lair.
 12067 | D:10     | Killed an unseen horror
 12067 | D:10     | Reached skill level 1 in Shields
 12083 | D:10     | Reached **** piety under Dithmenos
 12120 | Lair:1   | Entered Level 1 of the Lair of Beasts
 12559 | Lair:1   | Noticed a seven-headed hydra
 12576 | Lair:1   | Noticed an eight-headed hydra
 12688 | D:11     | Noticed Erolcha
 12935 | D:11     | Noticed a white ugly thing
 12950 | D:11     | Killed a white ugly thing
 13412 | D:11     | Found Fuytt's Book Shop.
 14062 | D:12     | Noticed a rakshasa
 14248 | D:10     | Killed Erolcha
 14465 | D:11     | Killed a rakshasa
 14889 | D:12     | Noticed a deep elf mage
 15065 | D:11     | HP: 2/78 [deep elf mage/stone arrow (21)]
 15074 | D:11     | Killed a deep elf mage
 15295 | D:12     | Found a staircase to the Orcish Mines.
 15303 | D:12     | Found a roughly hewn altar of Beogh.
 15344 | Orc:1    | Entered Level 1 of the Orcish Mines
 15370 | D:12     | Noticed an unseen horror
 15396 | D:12     | Noticed an unseen horror
 15425 | D:12     | Killed an unseen horror
 15425 | D:12     | Reached XP level 12. HP: 70/84 MP: 17/17
 15643 | D:12     | Reached skill level 1 in Summonings
 16196 | D:12     | Noticed a seven-headed hydra
 16405 | D:12     | Found Jasoggod's Food Emporium.
 16408 | D:12     | Noticed a two-headed ogre
 16419 | D:12     | Killed a two-headed ogre
 16705 | D:13     | Noticed a two-headed ogre
 16726 | D:13     | Killed a two-headed ogre
 16726 | D:13     | Reached skill level 12 in Dodging
 17722 | D:13     | Noticed a centaur warrior
 17746 | D:13     | Killed a centaur warrior
 17927 | D:12     | Noticed a two-headed ogre
 18039 | D:13     | Found an ancient bone altar of Kikubaaqudgha.
 18281 | D:13     | Reached skill level 5 in Spellcasting
 18576 | D:13     | Killed a two-headed ogre
 20343 | Orc:2    | Entered Level 2 of the Orcish Mines
 20423 | Orc:2    | Found a staircase to the Elven Halls.
 20436 | Elf:1    | Entered Level 1 of the Elven Halls
 20506 | Orc:2    | Paralysed by an orc sorcerer for 7 turns
 20827 | Orc:2    | Noticed an orc high priest
 20869 | Orc:2    | Noticed an orc high priest
 20882 | Orc:2    | Killed an orc high priest
 20882 | Orc:2    | Reached skill level 5 in Summonings
 20903 | Orc:2    | Reached XP level 13. HP: 90/90 MP: 20/20
 21477 | Orc:2    | Reached ***** piety under Dithmenos
 22167 | Orc:2    | Gained mutation: You are frail. (-10% HP) [a neqoxec]
 22168 | Orc:2    | Gained mutation: You are very frail. (-20% HP) [a neqoxec]
 22770 | Orc:1    | Reached skill level 5 in Shields
 22912 | Orc:2    | Found Gilomn's Assorted Antiques.
 22912 | Orc:2    | Found Cial's Magic Scroll Emporium.
 22913 | Orc:2    | Found Guptuiji's Antique Weapon Emporium.
 22916 | Orc:2    | Found Fumof's Book Shoppe.
 22937 | Orc:2    | Bought a tapered ivory wand for 128 gold pieces
 22937 | Orc:2    | Bought a scroll labeled IMAONT INWAN for 32 gold pieces
 22937 | Orc:2    | Bought a wand of paralysis (7) for 64 gold pieces
 22940 | Orc:2    | Bought a scroll of amnesia for 45 gold pieces
 22940 | Orc:2    | Bought a scroll of enchant weapon for 97 gold pieces
 22940 | Orc:2    | Bought a scroll of magic mapping for 45 gold pieces
 22940 | Orc:2    | Bought a scroll of identify for 26 gold pieces
 22940 | Orc:2    | Bought a scroll of teleportation for 39 gold pieces
 22940 | Orc:2    | Bought a scroll of enchant weapon for 97 gold pieces
 22940 | Orc:2    | Bought 2 scrolls of identify for 52 gold pieces
 22940 | Orc:2    | Bought a scroll of identify for 26 gold pieces
 22940 | Orc:2    | Bought a scroll of identify for 26 gold pieces
 22940 | Orc:2    | Bought a scroll of remove curse for 39 gold pieces
 23027 | Orc:2    | Killed from afar by an orc high priest

Skill      XL: |  1  2  3  4  5  6  7  8  9 10 11 12 13 |
---------------+----------------------------------------+-----
Stealth        | 3 4 5 6 7 |  7.0
Fighting       | 4 5 6 7 8 9 |  9.0
Dodging        | 4 5 6 7 9 10 11 12 | 12.9
Invocations    | 2 5 6 7 9 |  9.6
Spellcasting   | 2 3 5 |  5.1
Staves         | 4 6 7 |  7.7
Shields        | 4 5 |  5.0
Summonings     | 5 |  5.8
Polearms       | |  3.0

Action                   |  1- 3 |  4- 6 |  7- 9 | 10-12 | 13-15 || total
-------------------------+-------+-------+-------+-------+-------++-------
Melee: Spear             |    72 |       |       |       |       ||    72
       Constrict         |    20 |    27 |    40 |   149 |    47 ||   283
       Tentacles         |    13 |    19 |    50 |   342 |    51 ||   475
       Trident           |     1 |   114 |    62 |    96 |   201 ||   474
       Quarterstaff      |       |       |   129 |       |       ||   129
       Dagger            |       |       |     4 |       |       ||     4
       Staff             |       |       |    85 |  1035 |       ||  1120
 Fire: Hunting sling     |       |    24 |    30 |    21 |       ||    75
Throw: Stone             |    15 |     3 |       |       |       ||    18
 Cast: Magic Dart        |       |       |       |     5 |       ||     5
       Call Imp          |       |       |       |     5 |       ||     5
       Blink             |       |       |       |     2 |       ||     2
Invok: Shadow Step       |       |       |       |     2 |       ||     2
Evoke: Wand              |       |       |     6 |    22 |     5 ||    33
  Use: Scroll            |       |     2 |     5 |    15 |     2 ||    24
       Potion            |       |       |       |    12 |       ||    12
 Stab: Sleeping          |     6 |    10 |    23 |    30 |     1 ||    70
       Distracted        |       |     1 |     2 |     2 |     4 ||     9
       Paralysed         |       |       |       |    10 |       ||    10
  Eat: Chunk             |     2 |     7 |    18 |    26 |     6 ||    59
       Ration            |       |       |       |     4 |       ||     4
Armor: Skin              |     2 |     2 |    10 |    68 |     4 ||    86
Dodge: Dodged            |    50 |    64 |   184 |   880 |   175 ||  1353
Block: Buckler           |       |       |       |   194 |    37 ||   231
